AoeStats
← toomuchdog

Black Forest

504938623Analyzed
2v2 RM · 27d ago on Sep 7, 2026· 36m 53s· 4 players
Game mode
Random Map
Map size
Medium (4 player)
Population
200
Speed
Normal
Resources
Standard
Victory
Conquest
Starting age
Dark Age
Ending age
Imperial Age
RankedLock teamsTeams togetherTeam positionsShared explorationLock speedFull tech treeHidden civsTurbo modeCheats
Victory
Defeat
🇨🇦 Persians · Canada
1337
+13
🇨🇦 Persians · Canada
1284
+15
🇺🇸 Maya · United States
1275
-14
🇺🇸 Malians · United States
1272
-14
JBEN52
2:31 Loom
14:54 Feudal Age
17:13 Double-Bit Axe
21:45 Castle Age
22:15 Pikeman
26:57 Redemption
29:01 Sanctity
30:07 Fervor
Humansandwich
0:32 Loom
12:48 Feudal Age
13:19 Double-Bit Axe
17:51 Castle Age
15:55 Horse Collar
20:55 Fletching
27:05 Wheelbarrow
30:56 Pikeman
39:05 Imperial Age
37:10 Hand Cart
37:22 Scale Mail Armor
toomuchdog
6:07 Loom
10:49 Feudal Age
14:57 Castle Age
17:35 Double-Bit Axe
21:06 Bloodlines
21:55 Horse Collar
24:36 Scale Barding Armor
29:46 Imperial Age
27:14 Stone Mining
28:09 Fletching
29:04 Bodkin Arrow
28:34 Crossbowman
29:20 Gold Mining
29:37 Capped Ram
31:25 Chemistry
31:08 Padded Archer Armor
31:19 Light Cavalry
32:16 Town Watch
34:20 Wheelbarrow
twitch.tv/aceinspace93
10:06 Loom
12:27 Feudal Age
14:18 Double-Bit Axe
16:35 Castle Age
16:14 Scale Barding Armor
17:33 Bow Saw
21:59 Wheelbarrow
21:48 Forging
21:26 Horse Collar
26:56 Chain Barding Armor
27:21 Bloodlines
28:25 Gold Mining
38:08 Imperial Age
35:57 Heavy Plow
36:02 Stone Mining
36:11 Man-at-Arms
36:37 Gambesons
36:57 Scale Mail Armor
Connection lost

Rejoining the realm…

Still unreachable

The connection could not be restored.

Session expired

The server has moved on; the page needs a fresh start.